details: 'Gladiator matches part deux ft some brazilian noob'

« prev index next »

General information

Mini Map

Players

team 1
NightElfMR.Brooks (purple | 23 APM | 254 actions | 11:02)

» actions
Build / train16
Enter build submenu6
Right click163
Select / deselect62
Use ability6
254 total
» units
Wisp13
Huntress3
16 total
» buildings
Moon Well2
Ancient of War1
Hunter's Hall1
Altar of Elders1
5 total
» build order
00:51 Moon Well
01:03 Moon Well
01:20 Ancient of War
01:40 Hunter's Hall
02:15 Altar of Elders
HumanTryHardAndWinIt (pink | 34 APM | 4869 actions | 141:46)
Hero icon 9 Archmage
Ability icon 3 Blizzard
Ability icon 3 Brilliance Aura
Ability icon 1 Mass Teleport
Ability icon 2 Summon Water Elemental
Hero icon 9 Goblin Alchemist
Ability icon 3 Acid Bomb
Ability icon 3 Healing Spray
Ability icon 2 Chemical Rage
Ability icon 1 Transmute
Hero icon 7 Naga Sea Witch
Ability icon 2 Frost Arrows
Ability icon 3 Forked Lightning
Ability icon 1 Tornado
Ability icon 1 Mana Shield
Hero icon 7 Tauren Chieftain
Ability icon 3 Shockwave
Ability icon 2 Endurance Aura
Ability icon 1 Reincarnation
Ability icon 1 War Stomp

» actions
Assign group hotkey253
Basic commands166
Build / train296
ESC pressed24
Enter build submenu103
Enter hero's abilities submenu28
Give item / drop item83
Right click1707
Select / deselect1137
Select group hotkey637
Use ability433
4869 total
» units
Peasant155
Razormane Medicine Man1
156 total
» upgrades
Ultravision1
Masonry2
Magic Sentry1
4 total
» buildings
Altar of Kings1
Farm49
Town Hall7
Keep6
Castle1
Lumber Mill34
Scout Tower9
Arcane Sanctum1
Arcane Vault2
110 total
» build order
00:21 Altar of Kings
00:27 Farm
01:30 Farm
01:47 Farm
10:31 Town Hall
13:55 Town Hall
14:37 Keep
14:40 Keep
14:48 Keep
15:52 Town Hall
16:05 Town Hall
17:05 Castle
22:44 Farm
23:56 Town Hall
26:55 Lumber Mill
26:57 Lumber Mill
26:58 Lumber Mill
26:59 Lumber Mill
27:04 Lumber Mill
27:05 Lumber Mill
27:06 Lumber Mill
27:07 Lumber Mill
28:21 Lumber Mill
28:22 Lumber Mill
28:26 Lumber Mill
28:28 Lumber Mill
28:31 Lumber Mill
28:32 Lumber Mill
28:39 Lumber Mill
28:43 Lumber Mill
28:49 Lumber Mill
28:52 Lumber Mill
29:42 Lumber Mill
29:49 Lumber Mill
29:53 Lumber Mill
29:56 Lumber Mill
30:05 Lumber Mill
30:29 Farm
30:30 Farm
31:04 Lumber Mill
31:06 Lumber Mill
31:11 Lumber Mill
32:19 Farm
32:20 Farm
32:23 Lumber Mill
32:27 Scout Tower
32:32 Scout Tower
32:33 Scout Tower
33:00 Farm
33:12 Farm
36:11 Farm
36:12 Farm
36:50 Town Hall
37:23 Farm
37:24 Farm
37:25 Farm
37:26 Farm
37:27 Farm
38:21 Lumber Mill
38:23 Lumber Mill
38:30 Farm
38:31 Farm
38:32 Farm
38:33 Farm
38:34 Farm
38:39 Lumber Mill
38:41 Lumber Mill
38:53 Lumber Mill
38:57 Lumber Mill
44:38 Farm
44:39 Farm
44:39 Farm
54:31 Arcane Sanctum
56:05 Arcane Vault
56:19 Farm
56:19 Farm
56:20 Farm
56:21 Farm
56:22 Farm
56:48 Farm
56:49 Farm
58:02 Farm
58:03 Farm
58:03 Farm
58:05 Farm
58:05 Farm
58:08 Farm
58:09 Farm
58:12 Farm
59:37 Farm
59:38 Farm
59:41 Farm
60:26 Farm
60:28 Farm
60:30 Farm
60:32 Farm
60:35 Farm
67:14 Farm
68:41 Scout Tower
68:42 Scout Tower
68:43 Scout Tower
68:44 Scout Tower
68:51 Scout Tower
76:44 Arcane Vault
77:10 Lumber Mill
77:58 Scout Tower
101:45 Town Hall
121:49 Keep
» items
Boots of Speed4
Staff of Teleportation3
Circlet of Nobility7
Potion of Lesser Invulnerability2
Potion of Invisibility4
Tiny Great Hall3
Orb of Lightning6
Scroll of Speed1
Potion of Healing1
Scroll of Town Portal3
Periapt of Vitality18
Staff of Sanctuary3
Tome of Retraining4
Lesser Clarity Potion2
Scroll of Regeneration2
Mechanical Critter2
Dust of Appearance1
Scroll of Healing2
Scroll of Protection2
70 total
Orcjcdies (blue | 31 APM | 4361 actions | 141:25)
Hero icon 6 Tauren Chieftain
Ability icon 3 Endurance Aura
Ability icon 2 War Stomp
Ability icon 1 Reincarnation

» actions
Assign group hotkey22
Basic commands25
Build / train220
Enter build submenu76
Enter hero's abilities submenu6
Give item / drop item16
Remove unit from queue4
Right click2076
Select / deselect1479
Select group hotkey190
Use ability245
4361 total
» units
Peon38
Grunt7
Tauren4
Troll Batrider74
Demolisher7
130 total
» upgrades
Melee Weapons3
Armor3
Reinforced Defenses1
Spiked Barricades1
Pulverize1
Liquid Fire1
Ranged Weapons3
Burning Oil1
14 total
» buildings
Altar of Storms1
Orc Burrow26
Barracks1
War Mill1
Watch Tower29
Stronghold2
Fortress1
Tauren Totem2
Voodoo Lounge2
Beastiary4
Great Hall7
76 total
» build order
00:27 Altar of Storms
00:39 Orc Burrow
00:53 Barracks
01:39 War Mill
02:03 Orc Burrow
04:50 Orc Burrow
06:14 Watch Tower
07:49 Watch Tower
08:57 Watch Tower
09:02 Stronghold
10:02 Watch Tower
11:24 Fortress
11:33 Watch Tower
13:10 Watch Tower
14:27 Tauren Totem
14:40 Tauren Totem
14:57 Voodoo Lounge
16:09 Watch Tower
16:25 Orc Burrow
17:20 Orc Burrow
18:16 Orc Burrow
19:18 Watch Tower
21:12 Watch Tower
22:42 Watch Tower
23:09 Watch Tower
23:29 Watch Tower
23:30 Watch Tower
24:00 Watch Tower
25:06 Beastiary
27:10 Beastiary
27:21 Watch Tower
27:27 Watch Tower
30:50 Watch Tower
30:58 Watch Tower
32:00 Orc Burrow
33:41 Orc Burrow
35:53 Orc Burrow
37:57 Watch Tower
39:14 Watch Tower
40:21 Watch Tower
41:44 Watch Tower
41:49 Watch Tower
47:51 Watch Tower
48:49 Watch Tower
48:56 Watch Tower
56:45 Watch Tower
56:47 Watch Tower
56:49 Watch Tower
59:07 Orc Burrow
61:15 Orc Burrow
63:09 Orc Burrow
63:36 Orc Burrow
64:27 Orc Burrow
84:08 Great Hall
84:40 Great Hall
88:23 Orc Burrow
90:47 Orc Burrow
93:38 Stronghold
97:43 Great Hall
98:55 Beastiary
98:59 Beastiary
100:21 Orc Burrow
100:25 Orc Burrow
100:57 Voodoo Lounge
101:53 Orc Burrow
104:33 Orc Burrow
120:11 Great Hall
122:46 Orc Burrow
123:59 Orc Burrow
125:37 Orc Burrow
126:14 Great Hall
129:10 Great Hall
129:30 Orc Burrow
132:13 Orc Burrow
134:29 Great Hall
137:28 Orc Burrow
» items
Dust of Appearance2
Scroll of Town Portal3
Potion of Healing15
Potion of Mana6
Orb of Lightning3
Tiny Great Hall1
Periapt of Vitality2
Boots of Speed1
Orb of Fire2
Scroll of Regeneration2
Scroll of Healing7
Potion of Invisibility4
Healing Salve1
Lesser Clarity Potion2
51 total
UndeadBriz (orange | 16 APM | 46 actions | 02:50)

» actions
Build / train5
Enter build submenu9
Right click14
Select / deselect11
Use ability7
46 total
» units
Acolyte2
Ghoul3
5 total
» buildings
Crypt2
Ziggurat3
Altar of Darkness2
7 total
» build order
00:20 Crypt
00:26 Ziggurat
01:03 Altar of Darkness
01:11 Altar of Darkness
01:24 Ziggurat
01:49 Crypt
02:17 Ziggurat
team 2
UndeaduM.LoVe (red | 14 APM | 25 actions | 01:45)

» actions
Build / train2
Enter build submenu4
Right click8
Select / deselect7
Use ability4
25 total
» units
Acolyte2
2 total
» buildings
Crypt1
Graveyard1
Ziggurat1
Altar of Darkness1
4 total
» build order
00:15 Crypt
00:19 Graveyard
00:45 Ziggurat
00:59 Altar of Darkness
OrcZombieMachoMan (green | 44 APM | 6223 actions | 141:46)
Hero icon 11 Blademaster
Ability icon 3 Wind Walk
Ability icon 3 Critical Strike
Ability icon 2 Bladestorm
Ability icon 3 Mirror Image
Hero icon 5 Archmage
Ability icon 2 Blizzard
Ability icon 3 Brilliance Aura
Hero icon 6 Firelord
Ability icon 3 Incinerate
Ability icon 3 Soul Burn
Hero icon 6 Crypt Lord
Ability icon 2 Impale
Ability icon 3 Spiked Carapace
Ability icon 1 Locust Swarm
Hero icon 3 Mountain King
Ability icon 2 Storm Bolt
Ability icon 1 Thunder Clap
Hero icon 6 Goblin Alchemist
Ability icon 3 Acid Bomb
Ability icon 2 Chemical Rage
Ability icon 1 Transmute
Hero icon 3 Blood Mage
Ability icon 1 Flame Strike
Ability icon 2 Banish
Hero icon 1 Dreadlord
Ability icon 1 Carrion Swarm

» actions
Assign group hotkey84
Basic commands504
Build / train283
ESC pressed14
Enter build submenu114
Enter hero's abilities submenu48
Give item / drop item92
Remove unit from queue1
Right click2455
Select / deselect1227
Select group hotkey677
Use ability722
6223 total
» units
Peon59
Peasant5
Ghoul2
Gryphon Rider10
Razormane Medicine Man3
Troll Witch Doctor4
Spirit Walker1
Acolyte1
Dragonhawk Rider1
Demolisher8
Shaman2
Raider8
104 total
» upgrades
Ranged Weapons1
Reinforced Defenses1
Spiked Barricades3
Storm Hammers1
Swords2
Animal War Training1
Witch Doctor Training5
Spirit Walker Training3
Cloud1
Burning Oil1
Pillage1
Troll Regeneration1
Shaman Training3
Backpack2
Ensnare1
Melee Weapons1
28 total
» buildings
Altar of Storms3
Orc Burrow19
Voodoo Lounge4
War Mill6
Arcane Vault1
Lumber Mill2
Ziggurat15
Watch Tower112
Scout Tower19
Nerubian Tower1
Guard Tower6
Spirit Tower3
Stronghold4
Halls of the Dead1
Keep1
Fortress4
Castle1
Black Citadel1
Great Hall8
Farm16
Gryphon Aviary3
Blacksmith1
Barracks3
Spirit Lodge3
Necropolis1
Beastiary3
241 total
» build order
00:04 Altar of Storms
00:32 Orc Burrow
00:51 Voodoo Lounge
01:06 Voodoo Lounge
01:31 War Mill
01:35 Orc Burrow
02:00 War Mill
02:12 Arcane Vault
02:16 Lumber Mill
02:39 Ziggurat
02:46 Ziggurat
02:47 Ziggurat
02:56 Watch Tower
02:56 Watch Tower
03:03 Scout Tower
03:04 Scout Tower
03:05 Scout Tower
03:06 Scout Tower
03:24 Nerubian Tower
03:30 Watch Tower
03:31 Watch Tower
03:32 Watch Tower
03:33 Watch Tower
03:34 Watch Tower
03:35 Watch Tower
03:46 Guard Tower
03:58 Watch Tower
04:01 Watch Tower
04:01 Watch Tower
04:02 Watch Tower
04:07 Spirit Tower
04:15 Guard Tower
04:32 Watch Tower
05:07 Guard Tower
05:09 Scout Tower
05:10 Scout Tower
05:10 Scout Tower
05:11 Scout Tower
05:26 Ziggurat
05:27 Ziggurat
05:28 Ziggurat
05:29 Ziggurat
05:38 Watch Tower
05:39 Watch Tower
05:41 Orc Burrow
06:22 Watch Tower
06:23 Watch Tower
06:24 Watch Tower
06:25 Watch Tower
06:25 Watch Tower
07:56 Stronghold
07:57 Stronghold
08:00 Halls of the Dead
08:01 Keep
08:02 Guard Tower
10:30 Fortress
10:32 Fortress
10:34 Castle
10:36 Black Citadel
10:38 Spirit Tower
11:01 Great Hall
11:05 Watch Tower
11:06 Watch Tower
11:06 Watch Tower
11:07 Watch Tower
11:08 Watch Tower
11:08 Watch Tower
11:09 Watch Tower
11:10 Watch Tower
11:43 Farm
11:47 Farm
11:48 Farm
11:49 Farm
11:50 Farm
13:25 Orc Burrow
15:49 Gryphon Aviary
15:49 Gryphon Aviary
15:50 Gryphon Aviary
15:54 Farm
15:57 Blacksmith
16:00 Barracks
16:21 Watch Tower
16:21 Watch Tower
16:22 Watch Tower
16:23 Watch Tower
16:38 Farm
16:39 Farm
16:41 Farm
16:42 Farm
16:42 Farm
16:43 Farm
16:43 Farm
16:44 Farm
16:46 Farm
16:47 Farm
16:48 Scout Tower
16:49 Scout Tower
16:50 Scout Tower
16:50 Scout Tower
16:51 Scout Tower
16:52 Scout Tower
17:47 Watch Tower
17:48 Watch Tower
17:50 Spirit Lodge
17:53 Orc Burrow
21:04 Guard Tower
21:06 Scout Tower
21:06 Scout Tower
21:08 Scout Tower
21:08 Scout Tower
21:09 Scout Tower
21:45 Voodoo Lounge
23:35 Guard Tower
24:59 Great Hall
25:23 Necropolis
25:32 Watch Tower
25:33 Watch Tower
25:34 Watch Tower
25:34 Watch Tower
25:35 Watch Tower
25:36 Watch Tower
25:37 Watch Tower
25:37 Watch Tower
25:38 Watch Tower
25:39 Watch Tower
25:40 Watch Tower
25:41 Watch Tower
27:49 Ziggurat
27:50 Ziggurat
27:51 Ziggurat
27:52 Ziggurat
27:54 Ziggurat
27:55 Ziggurat
27:56 Ziggurat
27:56 Ziggurat
28:34 Orc Burrow
29:57 War Mill
30:02 Lumber Mill
32:00 Spirit Tower
42:27 Watch Tower
42:28 Watch Tower
42:30 Watch Tower
42:31 Watch Tower
42:31 Watch Tower
42:32 Watch Tower
45:37 Stronghold
45:46 Altar of Storms
46:42 Orc Burrow
46:43 Orc Burrow
46:43 Orc Burrow
49:42 Great Hall
49:56 Fortress
49:57 Stronghold
51:04 Voodoo Lounge
51:27 Barracks
52:21 Fortress
54:30 Great Hall
56:00 Barracks
60:40 Spirit Lodge
100:23 Watch Tower
100:29 Watch Tower
100:30 Watch Tower
100:31 Watch Tower
100:31 Watch Tower
100:32 Watch Tower
100:39 Orc Burrow
100:40 Orc Burrow
100:43 Spirit Lodge
100:50 Watch Tower
100:51 Watch Tower
100:51 Watch Tower
100:52 Watch Tower
100:53 Watch Tower
100:53 Watch Tower
101:24 Watch Tower
101:25 Watch Tower
101:26 Watch Tower
101:27 Watch Tower
101:42 Watch Tower
101:43 Watch Tower
101:44 Watch Tower
101:44 Watch Tower
101:52 Altar of Storms
102:14 Watch Tower
102:15 Watch Tower
102:16 Watch Tower
102:16 Watch Tower
102:17 Watch Tower
102:18 Watch Tower
105:14 Watch Tower
105:14 Watch Tower
105:15 Watch Tower
105:15 Watch Tower
105:16 Watch Tower
105:17 Watch Tower
105:18 Watch Tower
105:18 Watch Tower
105:19 Watch Tower
105:20 Watch Tower
105:21 Watch Tower
105:22 Watch Tower
106:11 Beastiary
106:13 Beastiary
106:14 Beastiary
106:17 Orc Burrow
106:19 Orc Burrow
107:44 War Mill
113:05 War Mill
114:33 Watch Tower
114:34 Watch Tower
114:34 Watch Tower
114:35 Watch Tower
116:33 Great Hall
117:14 War Mill
118:20 Orc Burrow
119:42 Great Hall
120:43 Orc Burrow
120:44 Orc Burrow
120:44 Orc Burrow
120:45 Orc Burrow
125:58 Watch Tower
125:59 Watch Tower
126:00 Watch Tower
126:01 Watch Tower
126:02 Watch Tower
126:03 Watch Tower
126:04 Watch Tower
127:29 Great Hall
128:05 Watch Tower
128:07 Watch Tower
128:10 Watch Tower
128:11 Watch Tower
128:12 Watch Tower
128:13 Watch Tower
128:14 Watch Tower
128:15 Watch Tower
128:16 Watch Tower
128:17 Watch Tower
128:19 Watch Tower
136:38 Great Hall
» items
Lesser Clarity Potion9
Healing Salve6
Boots of Speed6
Periapt of Vitality6
Staff of Teleportation1
Scroll of Town Portal4
Potion of Lesser Invulnerability5
Scroll of Healing6
Circlet of Nobility7
Scroll of Protection1
Potion of Healing7
Potion of Mana6
Orb of Lightning2
Scroll of Speed2
Potion of Invisibility1
69 total
Random» Orcadsbygoogle (teal | 26 APM | 17 actions | 00:39)

» actions
Basic commands2
Build / train4
Enter build submenu2
Select / deselect6
Use ability3
17 total
» units
Peon4
4 total
» buildings
Altar of Storms1
Orc Burrow1
2 total
» build order
00:09 Altar of Storms
00:19 Orc Burrow
Random» HumanGoatFro (yellow | 16 APM | 17 actions | 01:03)

» actions
Build / train3
Enter build submenu2
Right click6
Select / deselect4
Use ability2
17 total
» units
Peasant3
3 total
» buildings
Altar of Kings1
Farm1
2 total
» build order
00:16 Altar of Kings
00:31 Farm

Chat log

(00:15 / 6) TryHardAndWinIt: lets each take a middle expo and mass tower it
(00:17 / 6) TryHardAndWinIt: ill take the top one
(00:39 / 5) ZombieMachoMan: so tier 1 it?
(00:45 / 5) ZombieMachoMan: lol my ally left
(00:46 / 6) TryHardAndWinIt: i was gonan try with just hero
(00:48 / 6) TryHardAndWinIt: we already got a leaver
(00:48 / Allies) GoatFro: who got him?
(00:51 / Allies) uM.LoVe: whos got him
(01:07 / Allies) uM.LoVe: sigh
(01:09 / 5) ZombieMachoMan: lol
(01:11 / 6) TryHardAndWinIt: thsi games a wash
(01:15 / 6) TryHardAndWinIt: im gonna backstab
(01:17 / All) jcdies: gg
(01:48 / 5) ZombieMachoMan: idk the creeps that well on this map
(01:51 / All) ZombieMachoMan: noooo
(01:52 / All) jcdies: gg
(01:54 / 6) TryHardAndWinIt: mass towers at all ur bases
(01:55 / 6) TryHardAndWinIt: ill bs
(02:10 / 6) TryHardAndWinIt: just skip from ybase to base making towrs
(03:02 / All) MR.Brooks: team killer.......................................................
(03:42 / 5) ZombieMachoMan: where should i harass
(03:43 / 6) TryHardAndWinIt: our leftmost guy
(03:45 / 6) TryHardAndWinIt: is the only one alive
(03:50 / All) MR.Brooks: blue just go attack them to finish them
(03:59 / 6) TryHardAndWinIt: rightmost
(04:00 / 6) TryHardAndWinIt: whoops
(04:19 / 6) TryHardAndWinIt: go top righ tactually
(04:21 / 6) TryHardAndWinIt: and kill all my workers
(04:22 / 6) TryHardAndWinIt: for xp
(04:25 / 6) TryHardAndWinIt: that will demoralize them
(04:28 / All) MR.Brooks: blue watch ur base
(04:49 / All) MR.Brooks: how the fk do we lose
(04:53 / All) MR.Brooks: when 3 of them left
(04:54 / All) TryHardAndWinIt: my allies are noobs
(04:57 / All) TryHardAndWinIt: they cant even win a 4v1
(05:08 / All) MR.Brooks: u fking killed me nub
(05:26 / All) TryHardAndWinIt: LOL
(05:31 / All) TryHardAndWinIt: he attacked his own bararacks by mistake!!
(05:33 / All) ZombieMachoMan: whats goin on i was afk
(05:52 / All) jcdies: pink is one retarded
(06:08 / 5) ZombieMachoMan: where should i hit
(06:13 / 6) TryHardAndWinIt: rightmost
(06:18 / All) MR.Brooks: can;t believe this
(06:22 / 6) TryHardAndWinIt: below my base
(06:23 / All) MR.Brooks: fking stupid nub ass pink
(06:31 / All) ZombieMachoMan: you know you dont have the moral high ground
(06:35 / All) TryHardAndWinIt: ive never lost a game
(06:44 / All) ZombieMachoMan: youre just crying because you dont get a free win
(06:51 / All) MR.Brooks: lol
(06:52 / All) jcdies: pink kill purple
(06:55 / All) MR.Brooks: he killed me
(06:56 / 6) TryHardAndWinIt: ill demobilize it with staff of tp
(06:59 / All) MR.Brooks: fking nub
(07:08 / All) MR.Brooks: ur an idiot
(07:09 / 6) TryHardAndWinIt: the middle right base is where he is
(07:15 / All) MR.Brooks: look stupid
(07:17 / All) MR.Brooks: i have nothing
(07:27 / All) ZombieMachoMan: you keep rushing me :(
(07:30 / All) MR.Brooks: then get detroyed ojs base when he left to
(08:09 / All) TryHardAndWinIt: lets try hard and win it
(08:14 / 5) ZombieMachoMan: damned nice backstab
(08:16 / All) ZombieMachoMan: BRING IT
(08:26 / All) MR.Brooks: how about u get a life
(08:27 / 5) ZombieMachoMan: im gonna take the middle expo
(08:29 / All) TryHardAndWinIt: night elf uproot your tree and join our forces
(08:33 / All) MR.Brooks: instead of wasting it
(08:35 / 6) TryHardAndWinIt: i think this ones in the can
(08:38 / All) ZombieMachoMan: yeah get a life and do important things like playing RT and taking it seriously
(08:44 / 6) TryHardAndWinIt: the orc is just waiting for you to come in range of his towers
(08:44 / All) ZombieMachoMan: like purp
(08:48 / All) MR.Brooks: lol
(08:52 / All) MR.Brooks: think what u want
(08:55 / All) MR.Brooks: i am bored atm
(08:58 / All) MR.Brooks: playing a game
(09:01 / All) MR.Brooks: and chirping people
(09:03 / All) ZombieMachoMan: so am i
(09:07 / All) ZombieMachoMan: but im lolling and youre raging
(09:15 / All) MR.Brooks: i am tired
(09:16 / All) TryHardAndWinIt: i like when people backstab me
(09:18 / All) MR.Brooks: not raging
(09:19 / All) TryHardAndWinIt: its what i hope for when i search 4v4
(09:26 / All) MR.Brooks: u wouldn't no what raging is
(09:27 / All) ZombieMachoMan: they always deny it
(09:31 / All) MR.Brooks: i am just chirping
(09:43 / 6) TryHardAndWinIt: get his hero
(09:45 / 6) TryHardAndWinIt: ill freeze it
(09:48 / All) MR.Brooks: if i was raging i would of left by now
(09:52 / All) MR.Brooks: also if u were smart
(09:58 / All) MR.Brooks: u could build a easy army
(10:01 / All) TryHardAndWinIt: COW DOWN
(10:07 / All) ZombieMachoMan: who cares about wins
(10:13 / All) ZombieMachoMan: virgins care about recs lol
(10:22 / All) TryHardAndWinIt: my mom pays me for good grades and warcraft wins
(10:23 / All) MR.Brooks: recs?
(10:28 / All) ZombieMachoMan: records
(10:38 / All) MR.Brooks: lol
(10:40 / All) TryHardAndWinIt: when someone backstabs me she doesnt feed me
(11:11 / All) ZombieMachoMan: aww
(11:29 / 5) ZombieMachoMan: shit i cant get a tavern hero for them
(11:40 / 5) ZombieMachoMan: whats a good arena hero
(11:48 / 6) TryHardAndWinIt: what do you mean arena
(12:06 / 5) ZombieMachoMan: i did it once in a 2v2 where we were pissing off our allies
(12:12 / 5) ZombieMachoMan: build a big square of farms
(12:15 / 5) ZombieMachoMan: and send in heroes 1 at a time
(12:20 / 5) ZombieMachoMan: 1 from each team
(12:23 / 6) TryHardAndWinIt: lol
(12:29 / 6) TryHardAndWinIt: alchemist
(12:33 / 6) TryHardAndWinIt: has his rage power
(12:50 / 5) ZombieMachoMan: obviously bm rapes all
(13:31 / 5) ZombieMachoMan: is there anybody left to kill
(13:37 / 6) TryHardAndWinIt: its just him
(13:39 / 6) TryHardAndWinIt: his base is towered
(13:41 / 6) TryHardAndWinIt: hes at the item shop
(13:42 / 6) TryHardAndWinIt: right now
(13:44 / 6) TryHardAndWinIt: bottom right
(13:50 / 5) ZombieMachoMan: what a coincidence
(14:16 / 5) ZombieMachoMan: creeping time

(15:30 / 5) ZombieMachoMan: whats he building
(15:38 / 6) TryHardAndWinIt: taurens
(16:17 / 6) TryHardAndWinIt: im gonna feed him tons of gold
(16:31 / 6) TryHardAndWinIt: he already has 4000

(18:31 / All) TryHardAndWinIt: my ally has the income of 6 mines
(18:35 / 5) ZombieMachoMan: lol
(18:41 / 5) ZombieMachoMan: is he doing anything with it
(18:42 / All) TryHardAndWinIt: he should win easy
(18:54 / 6) TryHardAndWinIt: towering as fast as his tiny wood sincome allows
(19:01 / 6) TryHardAndWinIt: he has 9k gold
(19:50 / All) ZombieMachoMan: aw
(20:11 / 5) ZombieMachoMan: RAWRR
(20:39 / All) TryHardAndWinIt: my ally has 15000 gold
(20:44 / All) TryHardAndWinIt: he coudl win easily
(20:48 / All) TryHardAndWinIt: if he only applied himself

(23:39 / 5) ZombieMachoMan: did he get more heroes
(23:45 / 6) TryHardAndWinIt: just hte one

(25:05 / All) TryHardAndWinIt: i challenge one of your heros to a one on one battle
(25:17 / All) TryHardAndWinIt: your strongest hero vs my ally's hero
(25:18 / All) ZombieMachoMan: name the location
(25:29 / All) TryHardAndWinIt: above the bottomr ight tavern
(25:40 / All) TryHardAndWinIt: come orc
(25:44 / All) TryHardAndWinIt: let us show them what we are made of
(25:45 / All) ZombieMachoMan: first we must build an arena
(26:03 / All) ZombieMachoMan: hey thats not one on one
(26:04 / All) ZombieMachoMan: CHARE
(26:18 / All) TryHardAndWinIt: ok ill build the arena
(26:22 / All) TryHardAndWinIt: in my old base top right
(27:21 / All) ZombieMachoMan: we must clear the way
(27:28 / All) ZombieMachoMan: for our grand colloseum
(27:49 / All) TryHardAndWinIt: ok dont kill the construction workers
(28:01 / All) TryHardAndWinIt: get those bords outta here
(28:03 / All) ZombieMachoMan: they are but slaves of fallen empires
(28:40 / All) jcdies: lol?
(28:56 / All) ZombieMachoMan: they were too hungry
(28:59 / All) TryHardAndWinIt: it will be shaped liek an 8
(29:02 / All) TryHardAndWinIt: a diagonal 8
(29:21 / All) jcdies: lol
(29:26 / All) TryHardAndWinIt: jc dies
(29:29 / All) TryHardAndWinIt: i suggest you go creep
(29:32 / All) TryHardAndWinIt: you will need the levels
(29:35 / All) TryHardAndWinIt: to win the tournemant
(29:54 / 5) ZombieMachoMan: we should kill off the trees first
(30:08 / 5) ZombieMachoMan: im getting a bloodmage
(30:22 / All) jcdies: stop to kill he lol
(30:29 / All) ZombieMachoMan: was that even english
(31:08 / All) ZombieMachoMan: meet up at the top left tavern
(31:13 / All) ZombieMachoMan: for mutual leveling
(31:32 / All) TryHardAndWinIt: im creepign the greens
(31:56 / All) ZombieMachoMan: im creeping the mines
(32:40 / All) ZombieMachoMan: anyone who wishes to level up
(32:47 / All) ZombieMachoMan: step near the tavern top left
(33:15 / 5) ZombieMachoMan: youre gonna need to rebuild
(33:20 / 5) ZombieMachoMan: once we clear the trees
(33:32 / 6) TryHardAndWinIt: just flip the corners out
(33:33 / 6) TryHardAndWinIt: ?

(34:57 / 5) ZombieMachoMan: ok switch up
(35:33 / All) jcdies: lol you see the name of hero anna kondra

(38:57 / 5) ZombieMachoMan: for some reason i went with teals bm instea of mine
(39:09 / 5) ZombieMachoMan: if you move to my hero your guys wont attack
(39:50 / All) TryHardAndWinIt: the arean is complete
(40:45 / 5) ZombieMachoMan: this is too painful to level
(40:51 / 5) ZombieMachoMan: can you move to me
(41:03 / 5) ZombieMachoMan: dude
(41:04 / 5) ZombieMachoMan: i cant level
(41:06 / 6) TryHardAndWinIt: we dotn ahve to be level 6 do we
(41:08 / 5) ZombieMachoMan: without bringin in all my heroes
(41:13 / 5) ZombieMachoMan: shit i was gonna go for 10 :P
(41:30 / 5) ZombieMachoMan: it goes faster once we get some levels each

(45:02 / 5) ZombieMachoMan: can i up my alch
(45:23 / 5) ZombieMachoMan: lol
(45:25 / 5) ZombieMachoMan: blue is still trying
(45:33 / 6) TryHardAndWinIt: he still has 17k
(45:35 / 5) ZombieMachoMan: now i cant res
(45:43 / 5) ZombieMachoMan: fucker killed my suff
(46:28 / 5) ZombieMachoMan: i wanna just run around transmuting his shit
(47:23 / 5) ZombieMachoMan: aw
(47:26 / 5) ZombieMachoMan: yellows outta gold

(51:45 / 5) ZombieMachoMan: how many bats does he have
(51:56 / 6) TryHardAndWinIt: 4
(52:00 / 5) ZombieMachoMan: after all that
(52:01 / 5) ZombieMachoMan: lol

(53:56 / All) TryHardAndWinIt: dont worry well kill him
(53:58 / All) TryHardAndWinIt: in the arena
(54:49 / All) TryHardAndWinIt: send your strongest hero itno the arena
(54:53 / All) TryHardAndWinIt: the time for battle has come
(54:59 / All) TryHardAndWinIt: jcdies bring your cow man up here
(55:07 / 5) ZombieMachoMan: i need to equip
(55:21 / All) TryHardAndWinIt: he has heros in your weight class
(55:30 / All) TryHardAndWinIt: a suitable opponent will be chosen for you
(55:37 / All) ZombieMachoMan: any rule on potions
(55:43 / All) TryHardAndWinIt: theyre allowed
(56:08 / All) TryHardAndWinIt: get up here cow
(56:14 / All) TryHardAndWinIt: its safe to leave your cradle of towers
(56:23 / All) ZombieMachoMan: he has interfered with the tournament
(56:31 / All) ZombieMachoMan: a penalty must be exacted
(56:37 / All) TryHardAndWinIt: penalty his base
(56:38 / All) TryHardAndWinIt: not his hero
(56:41 / All) ZombieMachoMan: yeah
(56:58 / All) TryHardAndWinIt: he has another 30 bats
(57:02 / All) TryHardAndWinIt: or 20
(57:20 / All) TryHardAndWinIt: 3 seconds per concoct
(57:23 / All) TryHardAndWinIt: not bad for 4v4
(57:27 / All) ZombieMachoMan: that should help his taurnen a lil

(59:10 / All) TryHardAndWinIt: dont kill his altar
(59:13 / All) TryHardAndWinIt: he got his cow kileld somehow
(59:14 / All) ZombieMachoMan: yep
(59:17 / All) ZombieMachoMan: acid

(60:46 / All) ZombieMachoMan: shit
(60:49 / All) ZombieMachoMan: y bad
(60:53 / All) ZombieMachoMan: go tavern it blue
(61:00 / All) TryHardAndWinIt: his cow is alive
(61:05 / All) ZombieMachoMan: ok
(61:07 / All) TryHardAndWinIt: bring it up here
(61:19 / All) TryHardAndWinIt: jcdies bring your hero
(62:05 / All) ZombieMachoMan: SUPPLIES
(62:39 / 5) ZombieMachoMan: can i lvl up my cl
(62:57 / 6) TryHardAndWinIt: have it kill peons at the top levft base
(63:05 / 6) TryHardAndWinIt: none of our heros are over 7 excpet the arch mage
(63:11 / All) ZombieMachoMan: ah
(63:15 / 5) ZombieMachoMan: want me to lvl em
(63:21 / 6) TryHardAndWinIt: no this is fine
(63:32 / All) TryHardAndWinIt: its like dragonball z
(63:36 / All) TryHardAndWinIt: your blademaster is goku
(63:41 / All) TryHardAndWinIt: and the rest of these weak shits are the other guys
(63:47 / All) TryHardAndWinIt: well have the weak ones fight fist
(63:54 / All) ZombieMachoMan: aight
(64:21 / 5) ZombieMachoMan: hes still making bats lol
(64:35 / All) TryHardAndWinIt: jcdies this game will not be determined in the usual fashion
(64:38 / All) TryHardAndWinIt: we are going to have hero fihgts
(64:41 / All) TryHardAndWinIt: int he top right arena
(64:45 / All) TryHardAndWinIt: the winner wins the game
(64:47 / All) TryHardAndWinIt: loswer leaves
(64:55 / All) TryHardAndWinIt: get lots of strong items
(64:56 / All) ZombieMachoMan: let the contract be written in blood
(64:57 / All) TryHardAndWinIt: for your man
(65:03 / All) TryHardAndWinIt: i recommend periapt of health
(65:23 / All) ZombieMachoMan: i tried to buy a periapt for my gf from tiffany's
(65:27 / All) ZombieMachoMan: he didnt know what it was
(65:31 / All) ZombieMachoMan: i called him a noob and walked off
(65:48 / All) TryHardAndWinIt: in mexican theyre called tiaras
(65:50 / All) TryHardAndWinIt: in this game
(65:58 / All) TryHardAndWinIt: i watched a daidai commented replay on his youtube channel
(66:01 / All) TryHardAndWinIt: he calls them tiaras
(66:11 / All) TryHardAndWinIt: he calls the staff of sanctuary a popsicle
(66:23 / 5) ZombieMachoMan: i left him a burrow
(66:30 / 5) ZombieMachoMan: in case hes too dumb to save one

(67:31 / All) TryHardAndWinIt: ok im ready
(67:36 / All) TryHardAndWinIt: so is the cow
(67:41 / All) ZombieMachoMan: should i drop my boots
(67:53 / All) TryHardAndWinIt: depends if you want to run in circles in the arena or not
(67:59 / All) ZombieMachoMan: yeah thats no fun
(68:00 / All) TryHardAndWinIt: i still have all mine
(68:15 / 5) ZombieMachoMan: what happens with incinerate and lightning
(68:16 / All) TryHardAndWinIt: our first contender
(68:19 / All) TryHardAndWinIt: will be the sea witch
(68:27 / All) ZombieMachoMan: Singleslayer the firelord shall meet this challenge
(68:37 / All) TryHardAndWinIt: send him forth
(68:51 / All) ZombieMachoMan: We, who are about to die, salute you.
(69:20 / All) jcdies: lol
(69:22 / All) TryHardAndWinIt: the fire man seems to be winning
(69:33 / All) TryHardAndWinIt: indeed the battle is done
(69:33 / All) ZombieMachoMan: WHAT IS STRONG WITH THIS ONE
(69:43 / All) jcdies: lol
(69:46 / All) TryHardAndWinIt: RIONGOUT
(69:47 / All) ZombieMachoMan: COWARD
(69:48 / All) TryHardAndWinIt: FIRE MAN WINS
(69:54 / All) TryHardAndWinIt: next contender
(69:56 / All) ZombieMachoMan: I AM VICTORIOUS
(70:11 / All) ZombieMachoMan: SINGLSLAYER NEEDS NO RESPITE
(70:37 / All) TryHardAndWinIt: FIRE MAN WINS AGAIN
(70:45 / All) ZombieMachoMan: There can be only one.
(70:50 / All) TryHardAndWinIt: next challenger:
(70:52 / All) TryHardAndWinIt: alechmeist
(71:02 / All) TryHardAndWinIt: thsi is my teams greatest champion
(71:18 / All) ZombieMachoMan: Horus'aman shall meet him in glorious combat
(71:19 / All) TryHardAndWinIt: send a wimp in my team needs a win
(71:46 / All) ZombieMachoMan: im out of golds
(71:53 / All) TryHardAndWinIt: um love is rich
(72:01 / All) ZombieMachoMan: how do i use it
(72:02 / All) ZombieMachoMan: :(
(72:15 / All) ZombieMachoMan: No matter...my beetleborg shall prevail
(72:17 / All) jcdies: buy iten with he hero and trade
(72:28 / All) ZombieMachoMan: all the purchases come from my account
(72:29 / All) TryHardAndWinIt: niffy gurglebeaker is ready to die
(72:33 / All) TryHardAndWinIt: before he abandons the ring
(72:37 / All) ZombieMachoMan: IT IS A GOOD DAY TO DIE
(72:38 / All) TryHardAndWinIt: he wont go down like his coward allies
(72:48 / All) TryHardAndWinIt: CHARGE
(73:04 / All) ZombieMachoMan: FEEL THE STENCH OF YOUR IMPENDING DEATH
(73:14 / All) TryHardAndWinIt: shit all my heros suck
(73:31 / All) ZombieMachoMan: I grant a respite.
(73:38 / All) TryHardAndWinIt: \
(73:41 / All) TryHardAndWinIt: he consorts with the mage
(73:43 / All) TryHardAndWinIt: about a plan of action
(73:49 / All) TryHardAndWinIt: he tags in the cow man
(73:52 / All) TryHardAndWinIt: cown man its your turn
(73:56 / All) jcdies: need one lvl 4 hero for play with me
(73:56 / All) ZombieMachoMan: WHA
(74:01 / All) TryHardAndWinIt: show them what were made of tygore
(74:05 / All) TryHardAndWinIt: GET IN THERE
(74:10 / All) ZombieMachoMan: FEAR NOT COW MAN
(74:13 / All) ZombieMachoMan: I HAVE NO MAN
(74:15 / All) ZombieMachoMan: MANA
(74:23 / All) TryHardAndWinIt: go for it!
(74:25 / All) ZombieMachoMan: I WILL NOT ULT YOU
(74:35 / All) TryHardAndWinIt: a cheap shot by naga
(74:37 / All) ZombieMachoMan: Shenanigans!
(74:40 / All) TryHardAndWinIt: the ref ewasnt looking!
(75:07 / All) ZombieMachoMan: A catfiht between mages has erupted!
(75:23 / All) TryHardAndWinIt: ringout!
(75:25 / All) ZombieMachoMan: THE FIGHT HAS GONE OUT OF THE ARENA
(75:28 / All) TryHardAndWinIt: the undead batlte lord triumphs
(75:32 / 5) ZombieMachoMan: not so
(75:36 / All) ZombieMachoMan: not so
(75:41 / All) ZombieMachoMan: he violated the rules as well
(75:45 / All) ZombieMachoMan: several spectators were maimed
(75:48 / All) ZombieMachoMan: making this a draw
(75:51 / All) TryHardAndWinIt: and now
(75:53 / All) TryHardAndWinIt: for a 4 on 3
(75:56 / All) TryHardAndWinIt: all 4 of our champions
(75:59 / All) TryHardAndWinIt: vs 3 of yours
(76:02 / All) ZombieMachoMan: WE ARE READY
(76:07 / All) ZombieMachoMan: Heralded by pigs.
(76:18 / All) TryHardAndWinIt: copem on cow man
(76:22 / All) ZombieMachoMan: Let the battle royale commence.
(76:24 / All) TryHardAndWinIt: lets beat them with our smarts
(76:27 / All) TryHardAndWinIt: brain ove rbrawn
(77:00 / All) TryHardAndWinIt: where are the challengers
(77:02 / All) jcdies: come
(77:13 / All) ZombieMachoMan: We are prepared.
(77:23 / All) TryHardAndWinIt: BATTLE IS MET
(78:01 / All) ZombieMachoMan: It was a glorious death.
(78:12 / All) TryHardAndWinIt: give us your best shot
(78:14 / All) TryHardAndWinIt: we can beat anyone now
(78:56 / All) jcdies: lol?
(78:57 / All) ZombieMachoMan: Our champions are destitute.
(79:32 / All) ZombieMachoMan: There is no golds for us poor soldiers.
(79:40 / All) TryHardAndWinIt: the new challenge is
(79:42 / All) TryHardAndWinIt: kill the cow man
(79:46 / All) TryHardAndWinIt: do this and victory is yours
(80:18 / All) ZombieMachoMan: An acolyte shall bravely take this challenge.
(80:19 / All) TryHardAndWinIt: if you beat his hero
(80:20 / All) TryHardAndWinIt: u win

(81:26 / All) TryHardAndWinIt: you cant sneak up on tygore
(81:32 / All) TryHardAndWinIt: he was trained in the ways of the ninja
(81:47 / All) ZombieMachoMan: Nikoro has turned his rage upon the arena itself
(81:48 / All) jcdies: ?
(82:32 / All) ZombieMachoMan: Teal and red each mock me with their stash of 20,000 gold
(82:49 / All) TryHardAndWinIt: use my heros to win jcdies
(82:52 / All) TryHardAndWinIt: i have to go take a shit
(82:59 / All) ZombieMachoMan: WE WILL NEVER SURRENDER
(83:15 / All) jcdies: quit game man i realy need this win
(83:21 / All) ZombieMachoMan: Why
(83:43 / All) ZombieMachoMan: I'm not denying your request, I'm asking the reasoning
(84:17 / All) ZombieMachoMan: Well?
(84:45 / All) jcdies: realy man quit plz
(84:50 / All) ZombieMachoMan: Give me a reason.
(84:59 / All) ZombieMachoMan: I will evaluate your negotiating skills.
(84:59 / All) jcdies: i am noob and need this in
(85:01 / All) jcdies: win
(85:07 / All) ZombieMachoMan: For what purpose.
(85:15 / All) jcdies: for join to clan faan
(85:24 / All) jcdies: i have 12 wins and 14 loses
(85:26 / All) ZombieMachoMan: Sorry, we only accept requests in english.
(86:01 / All) jcdies: plz man i realy need this win
(86:10 / All) ZombieMachoMan: Does not compute.
(86:15 / All) ZombieMachoMan: Please restate your reason.
(86:21 / All) jcdies: lol
(86:50 / All) jcdies: i am br no need to talk more of this
(87:01 / All) ZombieMachoMan: So, because you're brazilian...
(87:05 / All) ZombieMachoMan: I should take pity on you?
(87:18 / All) ZombieMachoMan: Is that what you're saying?
(87:37 / All) jcdies: fuck win this shit game
(87:48 / All) ZombieMachoMan: English response not detected.
(88:00 / All) jcdies: i dont speak english
(88:16 / All) ZombieMachoMan: Contradiction detected: claiming to not speak english in english.
(88:39 / All) jcdies: i dont speak english very well
(88:54 / All) ZombieMachoMan: Then go on the portuguese server.
(89:02 / All) ZombieMachoMan: Oh wait

(90:12 / All) ZombieMachoMan: Did you just stomp a blademaster in mid-storm?
(90:45 / All) ZombieMachoMan: You have all of his heroes...
(90:50 / All) ZombieMachoMan: Why can't you win?
(91:00 / All) jcdies: i no need more win
(91:09 / All) ZombieMachoMan: hmm
(91:10 / All) ZombieMachoMan: leave?
(91:16 / All) jcdies: no
(91:22 / All) ZombieMachoMan: It will be good for you.
(91:27 / All) ZombieMachoMan: Automatic win if you leave.

(92:28 / All) ZombieMachoMan: THE GAUNTLET IS TOSSED
(92:47 / All) ZombieMachoMan: JC I didn't think you had it in you
(92:54 / All) TryHardAndWinIt: that was me lol
(92:57 / All) ZombieMachoMan: Ah...
(93:02 / All) ZombieMachoMan: Makes sense.
(93:06 / All) TryHardAndWinIt: this bottom elft corner
(93:07 / All) ZombieMachoMan: JC really, REALLY wants this win
(93:08 / All) TryHardAndWinIt: wotn let air in it
(93:19 / All) ZombieMachoMan: I think we should help him to get a nice, fast win.
(93:32 / All) TryHardAndWinIt: lol he wants to join clan faan
(93:33 / All) ZombieMachoMan: To preserve his brazilian honor
(93:49 / All) ZombieMachoMan: No matter what we shouldnt do something crazy like feed my blademaster
(94:25 / All) ZombieMachoMan: :(
(94:30 / All) ZombieMachoMan: Well its good
(94:33 / All) ZombieMachoMan: JC gets his win
(95:09 / All) ZombieMachoMan: Above all else
(95:14 / All) ZombieMachoMan: We must accommodate brazilian beggars
(95:28 / All) TryHardAndWinIt: hes using the after image technique

(96:35 / All) TryHardAndWinIt: rofl i retrained him to shockwave
(96:36 / All) TryHardAndWinIt: and no ult
(96:39 / All) TryHardAndWinIt: and he took control away
(96:40 / All) ZombieMachoMan: good
(96:44 / All) ZombieMachoMan: aw
(96:48 / All) ZombieMachoMan: it was a good call
(96:56 / All) TryHardAndWinIt: come shcowkave his towers
(97:17 / All) ZombieMachoMan: HE SHOCKWAVED MY BM
(97:19 / All) ZombieMachoMan: AND NOT THE TOWERS
(97:20 / All) ZombieMachoMan: LOL
(97:39 / All) ZombieMachoMan: Its not even my hero, i cant sell anything
(97:42 / All) ZombieMachoMan: Sucks.
(97:48 / All) TryHardAndWinIt: you could long mine
(97:52 / All) ZombieMachoMan: Have been.
(97:55 / All) ZombieMachoMan: Its a LOOOONG walk
(98:13 / All) TryHardAndWinIt: my ally still has 16k
(98:13 / All) TryHardAndWinIt: lol
(98:15 / All) ZombieMachoMan: LOL
(98:20 / All) ZombieMachoMan: blue?
(98:26 / All) TryHardAndWinIt: yea
(98:31 / All) ZombieMachoMan: hes trying to ambush my peons
(98:31 / All) ZombieMachoMan: Lol
(99:07 / All) TryHardAndWinIt: us hould be able to kill his cow
(99:13 / All) TryHardAndWinIt: lol hes invis
(99:15 / All) ZombieMachoMan: i saw
(99:19 / All) ZombieMachoMan: he wants to ambush
(99:33 / All) ZombieMachoMan: i hate this fucking orb of fire
(99:36 / All) ZombieMachoMan: worst item ever
(99:54 / All) TryHardAndWinIt: that orc you have control of is rich
(99:59 / All) ZombieMachoMan: yeah i know
(100:18 / All) ZombieMachoMan: all that moneys
(100:20 / All) ZombieMachoMan: No way to get to it
(100:37 / All) TryHardAndWinIt: you could have him build a blood luster
(100:38 / All) TryHardAndWinIt: for the bm
(100:44 / All) ZombieMachoMan: true.
(101:18 / All) TryHardAndWinIt: no
(101:25 / All) TryHardAndWinIt: yea
(101:29 / All) TryHardAndWinIt: also wood
(101:51 / All) TryHardAndWinIt: thx
(102:35 / All) TryHardAndWinIt: it wont let me transmute ur spirit walker
(102:39 / All) TryHardAndWinIt: is that how it alwasy is
(102:41 / All) ZombieMachoMan: resistant skin :)
(103:25 / All) TryHardAndWinIt: im gonna drop an orb of lightnight
(103:27 / All) TryHardAndWinIt: int he bottom right mine
(103:31 / All) ZombieMachoMan: ty
(103:33 / All) TryHardAndWinIt: i need the slot for staff of sanctuary anyway
(103:41 / All) ZombieMachoMan: Invis fail.
(103:56 / All) jcdies: its not good
(103:56 / All) TryHardAndWinIt: wtf
(103:59 / All) TryHardAndWinIt: it wont let me use staff
(104:03 / All) TryHardAndWinIt: i still have lumber mills
(104:06 / All) TryHardAndWinIt: and farms
(104:31 / All) ZombieMachoMan: Nooo
(104:44 / All) ZombieMachoMan: MY POWER RETURNS
(105:20 / All) jcdies: quit or win this shit game
(105:25 / All) ZombieMachoMan: NO U
(105:36 / All) TryHardAndWinIt: ill have you know zombie is a shaman in faan
(105:43 / All) TryHardAndWinIt: your performance this game could get you places
(105:45 / All) ZombieMachoMan: Don't tell him
(105:49 / All) ZombieMachoMan: It's secret
(106:33 / 5) ZombieMachoMan: just dont hit my gold line
(106:42 / 5) ZombieMachoMan: i need it bad so i can torture blue
(107:15 / All) TryHardAndWinIt: if you rsearch backpack and get a grutn you can start selling crap
(107:20 / All) TryHardAndWinIt: thats probably not faster than ressing a hero tho
(107:30 / All) ZombieMachoMan: nah itll work better actually
(107:56 / All) ZombieMachoMan: HE TAVERNED LOL
(107:57 / All) TryHardAndWinIt: cheapest unit with backapck is probably hh
(108:11 / 5) ZombieMachoMan: need a mill
(108:25 / 5) ZombieMachoMan: its a no go
(108:29 / 5) ZombieMachoMan: and i already got backpack

(110:00 / 5) ZombieMachoMan: damn
(110:03 / 5) ZombieMachoMan: my undead was rich
(110:08 / 5) ZombieMachoMan: but i sent the aco into the arena
(111:04 / All) ZombieMachoMan: wow
(111:08 / All) ZombieMachoMan: you really suck with bats
(111:13 / All) TryHardAndWinIt: that last move was me lol
(111:18 / All) ZombieMachoMan: lol
(111:30 / All) TryHardAndWinIt: make a troll doctor with ur main race
(111:33 / All) TryHardAndWinIt: i think it has backpack
(111:41 / All) ZombieMachoMan: oh yeah
(111:47 / All) ZombieMachoMan: shaman does too?
(111:56 / All) TryHardAndWinIt: im not sure tbh
(112:02 / All) ZombieMachoMan: ill check
(112:03 / All) TryHardAndWinIt: ive played rts before
(112:07 / All) TryHardAndWinIt: where i loaded archers with 2 items each
(112:11 / All) ZombieMachoMan: LOL
(112:13 / All) TryHardAndWinIt: thend sent them in to die
(112:18 / All) ZombieMachoMan: i used to do that to ruin dota games
(112:23 / All) ZombieMachoMan: with 6 branches per chicken
(112:34 / All) ZombieMachoMan: send about 20 of th)em into the enemy base
(112:37 / All) ZombieMachoMan: and the items stack up
(112:39 / All) ZombieMachoMan: lag the game
(112:47 / All) jcdies: lol?
(112:51 / All) TryHardAndWinIt: i read some thing on d3scene abotu crashing dota
(112:55 / All) TryHardAndWinIt: with a script to pick up and drop items
(112:57 / All) TryHardAndWinIt: i never tried it tho
(113:09 / All) TryHardAndWinIt: i dont feel like downloading the latest dota
(113:12 / All) TryHardAndWinIt: just to get banned right away
(113:24 / 5) ZombieMachoMan: sweet
(113:27 / 5) ZombieMachoMan: shaman has backpack
(113:44 / All) TryHardAndWinIt: bottom right shop
(113:47 / 5) ZombieMachoMan: 1 GOLD SHORT
(114:03 / All) ZombieMachoMan: omg
(114:05 / All) ZombieMachoMan: i gold
(114:29 / All) TryHardAndWinIt: damn the cow is selling everything
(114:40 / 5) ZombieMachoMan: im on it
(115:14 / 6) TryHardAndWinIt: ill drop crap at tiop righ tshop too
(115:22 / 5) ZombieMachoMan: what
(115:23 / 5) ZombieMachoMan: what
(115:27 / 5) ZombieMachoMan: WRONG SHAMAN
(115:28 / All) jcdies: quit man seryous
(115:36 / 6) TryHardAndWinIt: top left shop*
(115:46 / All) ZombieMachoMan: You quit.
(115:57 / All) ZombieMachoMan: I defeated your cow.
(116:02 / All) ZombieMachoMan: Sorry I don't make the rules.
(116:29 / All) jcdies: ok you win
(116:37 / All) ZombieMachoMan: wait ill leave

(117:43 / All) ZombieMachoMan: IM GOING TO LEAVE BLUE
(117:47 / All) ZombieMachoMan: JUST GIVE ME ONE LAST ARENA FIGHT
(118:46 / All) ZombieMachoMan: Silly cow.

(120:54 / All) ZombieMachoMan: NINJA

(122:02 / 6) TryHardAndWinIt: he has a bunch of bats
(122:05 / 6) TryHardAndWinIt: below his base
(122:05 / All) ZombieMachoMan: heh

(124:04 / 6) TryHardAndWinIt: raid my arena
(124:09 / 5) ZombieMachoMan: wow
(124:13 / 5) ZombieMachoMan: im getting resources from it
(124:17 / 5) ZombieMachoMan: not just teal
(124:30 / 6) TryHardAndWinIt: its not just your mining?
(124:36 / 5) ZombieMachoMan: ...
(124:38 / 5) ZombieMachoMan: im a dumbass
(124:42 / 6) TryHardAndWinIt: lol
(125:08 / 5) ZombieMachoMan: was that you
(125:10 / 5) ZombieMachoMan: or him being stuid
(125:13 / 6) TryHardAndWinIt: me
(125:15 / 5) ZombieMachoMan: lol
(125:16 / 5) ZombieMachoMan: nice
(125:36 / All) ZombieMachoMan: CHARGE
(125:47 / All) ZombieMachoMan: ow

(128:09 / All) TryHardAndWinIt: he is the shaman of faan
(128:12 / All) TryHardAndWinIt: he will promote you
(128:15 / All) TryHardAndWinIt: you have done well this game
(128:23 / All) TryHardAndWinIt: report to channel faan after the game
(128:28 / All) TryHardAndWinIt: we will bestow highest faan honors
(128:41 / 5) ZombieMachoMan: is he still playing or afk
(128:47 / 6) TryHardAndWinIt: hes chatting
(128:51 / 6) TryHardAndWinIt: said something about me suiciding his bats
(128:55 / 6) TryHardAndWinIt: and "i really leave"
(128:59 / 5) ZombieMachoMan: why would he say something like that
(129:07 / 6) TryHardAndWinIt: i moved his bats out of the corner

(130:08 / All) TryHardAndWinIt: its ok we will let you into faan
(130:10 / All) ZombieMachoMan: EPIC BLADESTORM
(130:11 / All) TryHardAndWinIt: he is chamane
(130:41 / All) ZombieMachoMan: im not sure about this candidate though
(131:08 / 6) TryHardAndWinIt: hes hiding a hall top left
(131:12 / 6) TryHardAndWinIt: his old base has soem crap in it
(131:14 / 5) ZombieMachoMan: lol how can res the am
(131:15 / 6) TryHardAndWinIt: and theres my arena
(131:24 / 6) TryHardAndWinIt: im broke
(131:34 / All) jcdies: shit game
(131:35 / 6) TryHardAndWinIt: i gave my last supplies to the leavers
(131:41 / All) ZombieMachoMan: I think it was a good game
(131:45 / All) TryHardAndWinIt: dont forget our 4v3 arena victory
(131:54 / All) ZombieMachoMan: Do you really want me to leave, blue?
(132:14 / All) ZombieMachoMan: I'll leave if you do as I ask
(132:16 / All) TryHardAndWinIt: if he wins hell be 13-14
(132:23 / All) TryHardAndWinIt: only a stones throw away from the coveted 50%
(132:26 / All) ZombieMachoMan: So important...
(132:31 / All) ZombieMachoMan: Blue, want me to leave?
(132:38 / 5) ZombieMachoMan: im making a new hotmail account, one sec
(132:45 / 5) ZombieMachoMan: let him know i mean it
(133:28 / 6) TryHardAndWinIt: faan is hte channel that spams the public channels with an automated message
(133:31 / 6) TryHardAndWinIt: about joining them
(133:36 / All) ZombieMachoMan: I will leave if you do one simple thing for me
(133:49 / All) jcdies: sec man
(133:57 / All) ZombieMachoMan: hurry
(133:57 / All) jcdies: i realy need to translate it
(134:05 / All) ZombieMachoMan: the bases are dying
(134:08 / 5) ZombieMachoMan: he still has a hall?
(134:13 / 6) TryHardAndWinIt: top right and left
(134:19 / 5) ZombieMachoMan: ok
(134:24 / 6) TryHardAndWinIt: if you find his top left hall he might quit though
(134:28 / 5) ZombieMachoMan: i wont
(135:26 / 6) TryHardAndWinIt: what are you gonna have him do anyway
(135:34 / 5) ZombieMachoMan: send a photo holding a sign
(135:37 / 5) ZombieMachoMan: im not sure what yet
(135:38 / 6) TryHardAndWinIt: LoL
(135:43 / 6) TryHardAndWinIt: "let me into faan"
(136:04 / 5) ZombieMachoMan: never done it to wc noobs, only pedos
(136:10 / 6) TryHardAndWinIt: lol
(136:13 / 5) ZombieMachoMan: slightly less fun this way
(137:02 / 5) ZombieMachoMan: "usa is the master race"?
(137:07 / All) ZombieMachoMan: JC you here?
(137:11 / 6) TryHardAndWinIt: yea
(137:16 / All) jcdies: bye mans
(137:20 / All) ZombieMachoMan: i will leave
(137:22 / All) ZombieMachoMan: ok?
(137:38 / All) jcdies: you win man
(137:41 / All) ZombieMachoMan: no
(137:41 / All) jcdies: i leave
(137:42 / All) ZombieMachoMan: you win
(137:44 / All) ZombieMachoMan: I leave
(137:46 / All) ZombieMachoMan: ok?
(137:50 / All) jcdies: no you win
(137:52 / All) jcdies: bye
(137:52 / All) ZombieMachoMan: NO
(137:57 / All) ZombieMachoMan: fine, leave
(138:00 / All) TryHardAndWinIt: since i teamkilled orange and purple
(138:01 / All) jcdies: nice you win a 4x1 game
(138:01 / All) ZombieMachoMan: go away noob
(138:03 / All) TryHardAndWinIt: its only fair
(138:16 / All) jcdies: you and pink is good players
(138:19 / All) jcdies: bye
(138:22 / All) ZombieMachoMan: go on and leave, abandon your hopes for clan faan
(138:25 / All) ZombieMachoMan: but if you leave
(138:29 / All) ZombieMachoMan: you will never get in
(138:31 / 6) TryHardAndWinIt: i think this was a humbling experience for him
(138:34 / All) ZombieMachoMan: we will send this replay to the other shamans
(138:40 / 6) TryHardAndWinIt: lol
(138:43 / All) TryHardAndWinIt: even the chieftain
(138:46 / 5) ZombieMachoMan: we made a brazilian learn a valuable lesson
(138:49 / All) ZombieMachoMan: IS THAT WHAT YOU WANT
(138:57 / 5) ZombieMachoMan: were development workers
(139:10 / All) jcdies: 12win and 15 loses = 13 wins and 14 loses
(139:10 / 5) ZombieMachoMan: changing the 3rd world, one warcraft player at a time
(139:27 / All) ZombieMachoMan: their math education in your country is apparently lacking.
(139:29 / All) TryHardAndWinIt: tell me your password ill get on yoru account
(139:32 / All) TryHardAndWinIt: and go 5-0
(139:32 / All) jcdies: ty for this game
(139:39 / All) ZombieMachoMan: do not leave
(139:44 / All) ZombieMachoMan: that would be a cowards act
(139:47 / All) ZombieMachoMan: like an argentinian
(139:50 / 6) TryHardAndWinIt: i dont think hes gonna do the sign thing
(139:54 / All) jcdies: you win this game man
(139:54 / All) ZombieMachoMan: do you want to be like argentina?
(140:01 / 5) ZombieMachoMan: one can only hope
(140:09 / All) TryHardAndWinIt: viva mexico
(140:12 / All) ZombieMachoMan: if you send an email to me, i will leave
(140:13 / All) jcdies: lol
(140:19 / All) ZombieMachoMan: zombiemachoman@hotmail.com
(140:23 / All) jcdies: lol am email
(140:35 / All) ZombieMachoMan: include a photo of yourself holding a sign
(140:43 / All) ZombieMachoMan: the sign must say "USA is the master race"
(140:46 / 6) TryHardAndWinIt: if he leaves i can tie the game
(140:47 / All) jcdies: i realy no need to send an email for you
(140:50 / 6) TryHardAndWinIt: so he doesnt get a win or a loss
(141:00 / All) jcdies: and i not say it
(141:02 / All) jcdies: realy no
(141:06 / All) ZombieMachoMan: then you dont want to get into faan?
(141:16 / All) jcdies: fuck faan usa and you
(141:21 / All) TryHardAndWinIt: LOL
(141:22 / All) ZombieMachoMan: LOL
(141:24 / All) ZombieMachoMan: :)
(141:29 / All) ZombieMachoMan: you were being so polite
(141:32 / All) ZombieMachoMan: aww